AoeStats
← PlayerSlayer12

Lombardia

510267167Analyzed
3v3 RM · 14h ago on Sep 30, 2026· 51m 51s· 6 players
Game mode
Random Map
Map size
Normal (6 player)
Population
200
Speed
Normal
Resources
Standard
Victory
Conquest
Starting age
Dark Age
Ending age
Imperial Age
RankedLock teamsTeams togetherTeam positionsShared explorationLock speedFull tech treeHidden civsTurbo modeCheats
Victory
Defeat
🇺🇸 Spanish · United States
1033
+17
🇭🇺 Wei · Hungary
973
+19
🇬🇷 Dravidians · Greece
941
+21
🇹🇼 Vietnamese · Taiwan
1107
-21
🇹🇷 Italians · Türkiye
1033
-18
🇹🇼 Celts · Taiwan
1014
-18
Denys
10:41 Feudal Age
16:19 Castle Age
17:59 Double-Bit Axe
17:58 Horse Collar
23:30 Wheelbarrow
22:44 Loom
27:58 Bow Saw
29:36 Heavy Plow
31:44 Husbandry
31:54 Thumb Ring
33:38 Ballistics
33:31 Fortified Wall
33:18 Murder Holes
33:19 Fletching
34:41 Masonry
34:30 Bodkin Arrow
34:37 Padded Archer Armor
34:42 Scale Barding Armor
39:12 Imperial Age
36:28 Town Watch
37:09 Hand Cart
38:08 Leather Archer Armor
38:14 Chain Barding Armor
38:32 Elite Skirmisher
40:53 Chemistry
41:31 Conscription
41:47 Hoardings
41:33 Medical Corps
41:42 Elite Elephant Archer
44:39 Ring Archer Armor
45:48 Gold Mining
49:33 Bracer
PlayerSlayer12
5:52 Loom
13:03 Feudal Age
18:08 Castle Age
16:19 Horse Collar
16:28 Double-Bit Axe
18:04 Gold Mining
25:03 Heavy Plow
28:10 Bloodlines
29:08 Forging
29:04 Scale Barding Armor
29:26 Husbandry
34:27 Imperial Age
32:34 Wheelbarrow
31:44 Town Watch
35:21 Gold Shaft Mining
35:22 Tuntian
34:49 Light Cavalry
36:09 Parthian Tactics
35:41 Hussar
39:00 Fletching
39:31 Chain Barding Armor
39:53 Hand Cart
39:38 Town Patrol
42:00 Bow Saw
42:22 Crop Rotation
42:28 Hand Cart
42:13 Town Patrol
42:34 Husbandry
45:16 Hoardings
45:02 Conscription
51:49 Chain Barding Armor
51:24 Bodkin Arrow
51:30 Padded Archer Armor
52:05 Iron Casting
shabolobodingdong
10:58 Feudal Age
14:26 Loom
16:58 Castle Age
15:19 Horse Collar
16:07 Double-Bit Axe
19:09 Stone Mining
22:33 Gold Mining
28:48 Padded Archer Armor
31:23 Imperial Age
29:04 Padded Archer Armor
31:05 Leather Archer Armor
30:58 Husbandry
32:36 Conscription
33:01 Bow Saw
32:55 Heavy Plow
34:33 Elite Conquistador
40:19 Bloodlines
40:42 Ring Archer Armor
41:01 Wheelbarrow
46:20 Pikeman
46:47 Gambesons
47:02 Squires
46:48 Arson
49:03 Halberdier
DangerWashington
0:40 Loom
13:48 Feudal Age
18:46 Castle Age
20:34 Pikeman
21:05 Arson
23:30 Fletching
23:52 Forging
24:34 Horse Collar
25:05 Husbandry
26:21 Bodkin Arrow
27:54 Fervor
28:37 Scale Mail Armor
32:55 Wheelbarrow
32:22 Heavy Plow
35:19 Hand Cart
42:10 Imperial Age
40:48 Double-Bit Axe
43:11 Iron Casting
42:54 Chain Mail Armor
42:36 Gold Mining
46:57 Light Cavalry
50:38 Chemistry
52:48 Blast Furnace
51:58 Scale Barding Armor
hejonathan111
9:26 Loom
11:46 Feudal Age
12:58 Town Watch
13:25 Double-Bit Axe
15:51 Fletching
25:06 Castle Age
24:48 Forging
24:35 Gold Mining
24:30 Horse Collar
25:27 Wheelbarrow
26:10 Bow Saw
26:07 Caravan
26:39 Squires
29:06 Pikeman
30:11 Hand Cart
30:51 Town Patrol
31:33 Elite Skirmisher
33:11 Heavy Plow
36:43 Imperial Age
33:57 Treadmill Crane
34:38 Ballistics
35:53 Bodkin Arrow
36:33 Iron Casting
35:59 Scale Mail Armor
36:01 Padded Archer Armor
36:32 Arson
36:52 Elite Fire Lancer
36:57 Halberdier
37:16 Imperial Skirmisher
38:50 Crop Rotation
39:32 Two-Man Saw
41:16 Chemistry
42:50 Siege Engineers
44:38 Masonry
49:44 Bracer
50:00 Chain Mail Armor
51:09 Paper Money
Fenrir
9:47 Feudal Age
10:10 Horse Collar
10:17 Double-Bit Axe
12:00 Wheelbarrow
12:43 Loom
16:28 Gold Mining
16:31 Stone Mining
18:49 Fletching
19:16 Padded Archer Armor
21:26 Castle Age
19:30 Scale Mail Armor
20:03 Forging
20:49 Scale Barding Armor
20:55 Town Watch
22:22 Bow Saw
23:10 Stone Shaft Mining
22:41 Heavy Plow
23:49 Bodkin Arrow
24:13 Leather Archer Armor
24:18 Hand Cart
30:45 Imperial Age
28:48 Masonry
29:45 Ballistics
30:04 Squires
29:25 Pikeman
29:52 Arson
31:08 Thumb Ring
31:34 Bracer
32:06 Ring Archer Armor
32:10 Architecture
32:46 Chemistry
33:09 Two-Man Saw
33:27 Ring Archer Armor
35:15 Conscription
34:56 Murder Holes
36:38 Elite Genoese Crossbowman
39:29 Elite Skirmisher
40:57 Arrowslits
40:43 Imperial Skirmisher
42:01 Chain Mail Armor
42:23 Iron Casting
Connection lost

Rejoining the realm…

Still unreachable

The connection could not be restored.

Session expired

The server has moved on; the page needs a fresh start.